 Dungeon Crawl Stone Soup version 0.25.1-2-g60ff931df9 (webtiles) character file.

Game seed: 11434729586857957872

632 protoss039 the Magician (level 7, -4/36 HPs)
             Began as a Deep Elf Earth Elementalist on Aug 10, 2020.
             Was an Initiate of Sif Muna.
             Slain by a slave (7 damage)
             ... led by Pikel
             ... on level 4 of the Dungeon.
             The game lasted 00:06:58 (5472 turns).

protoss039 the Magician (DEEE)                      Turns: 5472, Time: 00:06:58

Health: -4/36      AC:  4    Str:  4 (5)  XL:     7   Next: 24%
Magic:  20/20      EV: 13    Int: 19 (22) God:    Sif Muna [......]
Gold:   186        SH:  0    Dex: 13 (15) Spells: 15/21 levels left

rFire    . . .     SeeInvis .   e - +2 dagger (venom)
rCold    . . .     Gourm    .   (no shield)
rNeg     . . .     Faith    .   c - +0 robe
rPois    .         Spirit   .   (no helmet)
rElec    .         Reflect  .   q - +0 cloak
rCorr    .         Harm     .   l - +0 pair of gloves
MR       .....                  (no boots)
Stlth    ++........             (no amulet)
HPRegen  0.12/turn              (no ring)
MPRegen  0.17/turn              (no ring)

@: no status effects
A: no striking features
a: Renounce Religion


You were on level 4 of the Dungeon.
You worshipped Sif Muna.
Sif Muna was noncommittal.
You were not hungry.

You visited 1 branch of the dungeon, and saw 4 of its levels.

You collected 186 gold pieces.

Inventory:

Hand Weapons
 e - a +2 dagger of venom (weapon)
Missiles
 b - 169 stones (quivered)
Armour
 c - a +0 robe (worn)
 l - a +0 pair of gloves (worn)
 q - a +0 cloak (worn)
Jewellery
 k - an uncursed ring of flight {unknown}
Scrolls
 a - 2 scrolls of noise {unknown}
 f - a scroll of teleportation {unknown}
 g - 2 scrolls of remove curse
 h - a scroll of enchant weapon {unknown}
 j - 7 scrolls of identify {unknown}
 m - a scroll of fog {unknown}
 p - a scroll of magic mapping {unknown}
Potions
 i - a potion of brilliance {unknown}
 o - a potion of degeneration
 r - a potion of stabbing {unknown}
Comestibles
 d - 11 rations
 n - 2 chunks of flesh


   Skills:
 - Level 3.0 Dodging
 - Level 3.0 Stealth
 + Level 7.5 Spellcasting
 + Level 0.7 Conjurations
 - Level 1.1 Transmutations
 + Level 6.7 Earth Magic


You had 15 spell levels left.
You knew the following spells:

 Your Spells              Type           Power        Failure   Level  Hunger
a - Sandblast             Erth           ####..       1%          1    None
b - Passwall              Tmut/Erth      ###.....     3%          2    None
c - Stone Arrow           Conj/Erth      ###...       6%          3    #......

Your spell library contained the following spells:

 Spells                   Type           Power        Failure   Level  Hunger
 Lee's Rapid Deconstruct  Erth           ####......   17%         5    #####..
 Petrify                  Tmut/Erth      ###.....     19%         4    ###....


Dungeon Overview and Level Annotations

Branches:
Dungeon (4/15)             Temple (0/1) D:4

Altars:
Cheibriados
Elyvilon
Fedhas
Gozag
Makhleb
Sif Muna
Trog
Uskayaw
Vehumet
Yredelemnul
Zin
The Shining One

Annotations:
D:4 Pikel


Message History

The slave shouts!
Unknown command.
The slave hits you!
* * * LOW HITPOINT WARNING * * *
The ogre barely misses you.
Unknown command.
The slave barely misses you.
Unknown command.
Unknown command.
Unknown command.
Unknown command.
Casting: Sandblast (safe; 1% risk of failure)
Confirm with . or Enter, or press ? or * to list all spells.
You don't know that spell.
Okay, then.
It was a potion of degeneration.
There was something very wrong with that liquid.
You feel weakened.
You feel dopey.
You feel clumsy. The hound bites you but does no damage. The slave hits you!
You die...

#....###.#...####..## ###.# #...#
#####.#.###.......## #.# #....
######.############ #.# #.#)#
.........# #.###.#)#
..####)#.###### ###_###.#
..............##### ##...##.#
.)..##>#..........##### #8...8#.#
......>#.<............####...##.#
..........###...@h.K.p..###.##..#
.....#...## #..##p###.###⌠#'#####
#.######.# ####.#p#....'...⌠# #.#
#.# #.###O....#⌠#'## #.# #.# ###
##....###.## #.# ###
#.###.....##...## #######⌠.⌠
#..#.#...##8...8# #.÷...#.>.#
#.###.####...## #.#####⌠.w
###.##...####_##


You could see Pikel, an ogre, 3 slaves and a hound.

Vanquished Creatures
  A slave (D:4)
  2 ogres (D:4)
  A hound (D:4)
  An orc priest (D:4)
  5 orc wizards
  An iguana (D:4)
  Natasha (twice) (D:4)
  A worker ant (D:4)
  Robin (D:4)
  4 adders
  A howler monkey skeleton (D:4)
  2 worms
  3 dart slugs
  4 leopard geckos
  14 orcs
  4 giant cockroaches
  13 goblins
  9 hobgoblins
  2 jackals (D:2)
  8 kobolds
  4 quokkas
  A ball python (D:3)
  8 bats
  7 frilled lizards
  6 rats
105 creatures vanquished.

Notes
Turn   | Place    | Note
-------+----------+-------------------------------------------
     0 | D:1      | protoss039 the Deep Elf Earth Elementalist began the quest
                  | for the Orb.
     0 | D:1      | Reached XP level 1. HP: 10/10 MP: 6/6
   214 | D:1      | Reached XP level 2. HP: 14/15 MP: 4/8
  1121 | D:2      | Reached XP level 3. HP: 10/19 MP: 8/10
  1126 | D:2      | Learned a level 2 spell: Passwall
  1130 | D:2      | Learned a level 3 spell: Stone Arrow
  2062 | D:2      | Reached skill level 4 in Spellcasting
  2525 | D:3      | Reached XP level 4. HP: 24/24 MP: 12/12
  2602 | D:3      | Found an opulent altar of Gozag.
  2941 | D:3      | Found a radiant altar of Vehumet.
  3032 | D:3      | Reached skill level 5 in Spellcasting
  3922 | D:3      | Found a glowing silver altar of Zin.
  3922 | D:3      | Found a glowing golden altar of the Shining One.
  3923 | D:3      | Found a white marble altar of Elyvilon.
  4099 | D:4      | Noticed an ogre
  4103 | D:4      | Killed an ogre
  4103 | D:4      | Reached skill level 5 in Earth Magic
  4103 | D:4      | Reached XP level 5. HP: 28/28 MP: 9/15
  4107 | D:4      | Noticed Robin
  4112 | D:4      | Noticed an ogre
  4366 | D:4      | Reached XP level 6. HP: 32/32 MP: 8/16
  4405 | D:4      | Killed Robin
  4405 | D:4      | Reached skill level 6 in Spellcasting
  4563 | D:4      | Found a snail-covered altar of Cheibriados.
  5017 | D:4      | Found a basalt altar of Yredelemnul.
  5017 | D:4      | Found a blossoming altar of Fedhas.
  5018 | D:4      | Found a hide-covered altar of Uskayaw.
  5079 | D:4      | Reached skill level 7 in Spellcasting
  5079 | D:4      | Reached XP level 7. HP: 36/36 MP: 15/19
  5094 | D:4      | Found a burning altar of Makhleb.
  5245 | D:4      | Noticed Natasha
  5248 | D:4      | Killed Natasha
  5285 | D:4      | Noticed Natasha
  5287 | D:4      | Killed Natasha
  5328 | D:4      | Found a staircase to the Ecumenical Temple.
  5381 | D:4      | Found a bloodstained altar of Trog.
  5386 | D:4      | Found a shimmering blue altar of Sif Muna.
  5427 | D:4      | Became a worshipper of Sif Muna the Loreminder
  5445 | D:4      | Noticed Pikel
  5472 | D:4      | Slain by a slave

Illustrated notes

Levels and vault maps discovered:
D:1:      evilmike_arrival_rings, layout_basic, minmay_tetromino_o2
D:2:      minmay_evil_eye, layout_basic, minmay_cut_off
D:3:      layout_basic, good_gods_mini_temple,
          nicolae_gozag_cash_rules_everything_around_me, vehumet_crystals,
          first_ration, kennysheep_generic_room_3
D:4:      layout_loops_ring, amethyst_overflow_temple_binary, marbit_many_paths,
          cheibriados_altar_1, gammafunk_temple_overflow_claw, temple_doors_e,
          uniq_natasha, uniq_robin, uniq_pikel

Skill      XL: |  1  2  3  4  5  6 |
---------------+-------------------+-----
Dodging        | 3 |  3.0
Stealth        | 3 |  3.0
Earth Magic    | 4 5 6 |  6.7
Spellcasting   | 4 5 7 |  7.5
Conjurations   | |  0.7
Transmutations | |  1.1

Action                   |  1- 3 |  4- 6 |  7- 9 || total
-------------------------+-------+-------+-------++-------
Melee: Unarmed           |    31 |       |       ||    31
       Dagger            |    58 |    42 |       ||   100
 Cast: Sandblast         |    33 |    62 |     8 ||   103
       Stone Arrow       |       |     4 |     3 ||     7
  Use: Scroll            |       |       |     1 ||     1
       Potion            |       |       |     1 ||     1
 Stab: Sleeping          |     5 |     2 |       ||     7
  Eat: Chunk             |     5 |     8 |     1 ||    14
Armor: Robe              |    29 |    16 |     1 ||    46
Dodge: Dodged            |    77 |    54 |     4 ||   135
